 Dungeon Sprint DCSS version 0.30-a0-4-ga7cffc901d (webtiles) character file.

Game seed: 12615774891778783964

48368 mhtbhm the Ninja (level 14, -4/79 HPs)
             Began as a Spriggan Brigand on Aug 21, 2022.
             Was the Champion of Dithmenos.
             Killed from afar by a fire giant (44 damage)
             ... with a bolt of fire
             ... in the Dungeon (Sprint IX: "|||||||||||||||||||||||||||||").
             The game lasted 00:11:46 (7034 turns).

mhtbhm the Ninja (Spriggan Brigand)                 Turns: 7034, Time: 00:11:46

Health: -4/79      AC:  9    Str:  7    XL:     14   Next: 12%
Magic:  28/28      EV: 38    Int: 14    God:    Dithmenos [******]
Gold:   800        SH:  0    Dex: 20    Spells: 13/13 levels left

rFire   . . .      SeeInvis +    a - +2 rapier (distort)
rCold   + . .      Faith    .    (no shield)
rNeg    . . .      Spirit   .    b - +2 robe {rC+}
rPois   .          Reflect  .    (helmet restricted)
rElec   .          Harm     .    c - +2 cloak
rCorr   .          Rampage  .    (gloves unavailable)
Will    ++...      NoTele   +    (boots unavailable) Stlth *********+
                                 f - amulet of magic regeneration
HPRegen 0.23/turn                m - +2 ring of protection
MPRegen 0.61/turn                n - +2 ring of evasion

@: wreathed by umbra, very quick
A: very small, no large weapons, unfitting armour, see invisible, speed 3
a: Renounce Religion, Shadow Step, Shadow Form


You were in the Dungeon.
You worshipped Dithmenos.
Dithmenos was exalted by your worship.
You visited 1 branch You collected 1856 gold pieces.
You spent 1056 gold pieces at shops.

Inventory:

Hand Weapons
 a - a +2 rapier of distortion (weapon)
Missiles
 d - 6 poisoned darts
 e - 2 curare-tipped darts (quivered)
Armour
 b - a +2 robe of cold resistance (worn)
 c - a +2 cloak (worn)
Jewellery
 f - an amulet of magic regeneration (around neck)
 g - a ring of wizardry
 m - a +2 ring of protection (left hand)
 n - a +2 ring of evasion (right hand)
 t - a ring of ice
 y - a ring of ice
 A - a ring of poison resistance
Scrolls
 j - 2 scrolls of amnesia
 k - 3 scrolls of blinking
 q - 4 scrolls of enchant armour
 r - 6 scrolls of fear
 s - 6 scrolls of enchant weapon
Potions
 h - 4 potions of curing
 i - 4 potions of magic
 o - 2 potions of resistance
 p - 12 potions of heal wounds
 u - 2 potions of berserk rage
 w - 2 potions of brilliance
 x - a potion of invisibility
 z - a potion of lignification


   Skills:
 + Level 11.7 Fighting
 + Level 19.0 Short Blades
 + Level 11.2 Throwing
 + Level 21.3 Dodging
 O Level 27 Stealth
 * Level 18.3 Invocations
 + Level 12.3 Evocations


You had 13 spell levels left.
You didn't know any spells.
Your spell library was empty.

Dungeon Overview and Level Annotations

Branches:
Dungeon (1/1)

Altars:
Cheibriados
Dithmenos
Elyvilon
Fedhas
Gozag
Hepliaklqana
Kikubaaqudgha
Makhleb
Nemelex Xobeh
Okawaru
Qazlal
Ru
Sif Muna
Trog
Uskayaw
Vehumet
Wu Jian
Xom
Yredelemnul
Zin
The Shining One
Jiyva
Lugonu

Shops:
D *?*[


Innate Abilities, Weirdness & Mutations

You are very small and have problems with some larger weapons.
You are too small for most types of armour.
You have supernaturally acute eyesight. (SInv)
You cover ground extremely quickly. (Speed+++)


Message History

You are too injured to fight recklessly!
You are too injured to fight recklessly!
You are too injured to fight recklessly!
You are too injured to fight recklessly!
You are too injured to fight recklessly!
You are too injured to fight recklessly!
You are too injured to fight recklessly!
You are too injured to fight recklessly!
You are too injured to fight recklessly!
You are too injured to fight recklessly!
You are too injured to fight recklessly!
You are too injured to fight recklessly!
You are too injured to fight recklessly!
You are too injured to fight recklessly!
You are too injured to fight recklessly!
You are too injured to fight recklessly!
You are too injured to fight recklessly!
You are too injured to fight recklessly!
You are too injured to fight recklessly!
You are too injured to fight recklessly!
You are too injured to fight recklessly!
You are too injured to fight recklessly!
You are too injured to fight recklessly!
You are too injured to fight recklessly!
You are too injured to fight recklessly!
You aren't carrying any items that you can evoke.
Unknown command.
Throw: 3 darts (curare)
Press: ? - help, Q - select action, (/) - cycle Shift-Dir - straight line, f - fire giant
Aim: a fire giant, wielding a +1 great sword of flaming (black smoke, moderately wounded, umbra, 87% to hit)
You throw a curare-tipped dart.
The curare-tipped dart hits the fire giant.
The fire giant is poisoned.
The fire giant convulses.
The fire giant seems to slow down.
The fire giant is moderately wounded.
You feel much better.
The fire giant gestures at you while chanting.
The bolt of fire hits you!!!
Ouch! That really hurt!
You die...

▓▓▓▓▓▓▓▓▓▓▓▓▓▓▓▓▓
..')§C§§§§C.CpiCC
▓▓▓▓▓▓▓▓▓▓▓▓▓▓▓▓▓▓▓▓▓▓▓▓▓▓▓▓▓▓▓▓▓
.....C§...C...§C@§§..............
▓▓▓▓▓▓▓▓▓▓▓▓▓▓▓▓▓▓▓▓♣♣♣♣♣♣♣♣♣♣▓▓▓
'..)...÷..')...))...'...).....'..
▓▓▓▓▓▓▓▓▓▓▓▓▓▓▓▓▓▓▓▓♣♣♣♣♣♣♣♣♣♣▓▓▓
.................................
▓▓▓▓▓▓▓▓▓▓▓▓▓▓▓▓▓▓▓▓▓▓▓▓▓▓▓▓▓▓▓▓▓
)))))))).[[[[[[[[.........)'.)).)
▓▓▓▓▓▓▓▓▓▓▓▓▓▓▓▓▓▓▓▓▓▓▓▓▓▓▓▓▓▓▓▓▓
.................................


You could see a fire giant (very poisoned, slow).

Vanquished Creatures
  A golden dragon (D)
  A stone giant (D)
  2 entropy weavers (D)
  An ettin (D)
  Snorg (D)
  4 fire dragons (D)
  2 rakshasas (D)
  5 hydras (D)
  An ogre mage (D)
  An ice dragon (D)
  A two-headed ogre (D)
  2 centaur warriors (D)
  3 anacondas (D)
  Erica (D)
  A tengu warrior (D)
  A death yak (D)
  A deep troll earth mage (D)
  3 orc high priests (D)
  2 spriggan berserkers (D)
  A sea snake (D)
  A pharaoh ant (D)
  A goliath frog (D)
  A glowing orange brain (D)
  A bog body (D)
  A wizard (D)
  6 orc knights (D)
  A deep elf pyromancer (D)
  A necromancer (D)
  A harpy (D)
  A mana viper (D)
  2 wolf spiders (D)
  2 will-o-the-wisps (D)
  2 manticores (D)
  Maurice (D)
  A merfolk siren (D)
  4 black mambas (D)
  2 cane toads (D)
  Psyche (D)
  4 komodo dragons (D)
  A meliai (D)
  5 polar bears (D)
  2 merfolk (D)
  A wind drake (D)
  2 hornets (D)
  A tyrant leech (D)
  A troll (D)
  A blink frog (D)
  A tarantella (D)
  A wraith (D)
  A spriggan (D)
  A wyvern (D)
  A water elemental (D)
  2 yaks (D)
  Grum (D)
  A redback (D)
  A naga (D)
  13 orc warriors (D)
  3 black bears (D)
  4 wolves (D)
  A centaur (D)
  A kobold brigand (D)
  A bullfrog (D)
  A gnoll sergeant (D)
  2 killer bees (D)
  A hound (D)
  4 orc priests (D)
  An iguana (D)
  4 orc wizards (D)
  An adder (D)
  A worm (D)
  5 orcs (D)
  An endoplasm (D)
  A goblin (D)
  A hobgoblin (D)
  A kobold (D)
  A bat (D)
141 creatures vanquished.

Notes
Turn   | Place    | Note
-------+----------+-------------------------------------------
     0 | D        | mhtbhm the Spriggan Brigand began the quest for the Orb.
     0 | D        | Reached XP level 1. HP: 10/10 MP: 2/2
     6 | D        | Reached skill level 6 in Stealth
     9 | D        | Reached skill level 7 in Stealth
   283 | D        | Noticed a hound
   283 | D        | Noticed an iguana
   286 | D        | Killed a hound
   287 | D        | Reached skill level 10 in Stealth
   287 | D        | Reached XP level 2. HP: 15/15 MP: 3/3
   287 | D        | Reached XP level 3. HP: 18/18 MP: 4/4
   560 | D        | Reached skill level 11 in Stealth
   560 | D        | Reached XP level 4. HP: 12/23 MP: 5/5
   577 | D        | Found a snail-covered altar of Cheibriados.
   577 | D        | Found a shadowy altar of Dithmenos.
   577 | D        | Found a white marble altar of Elyvilon.
   577 | D        | Found a blossoming altar of Fedhas.
   577 | D        | Found an opulent altar of Gozag.
   578 | D        | Found a hazy altar of Hepliaklqana.
   579 | D        | Found a viscous altar of Jiyva.
   580 | D        | Found an ancient bone altar of Kikubaaqudgha.
   581 | D        | Found a corrupted altar of Lugonu.
   582 | D        | Found a burning altar of Makhleb.
   583 | D        | Found a sparkling altar of Nemelex Xobeh.
   584 | D        | Found an iron altar of Okawaru.
   585 | D        | Found a stormy altar of Qazlal.
   586 | D        | Found a sacrificial altar of Ru.
   587 | D        | Found a shimmering blue altar of Sif Muna.
   588 | D        | Found a bloodstained altar of Trog.
   589 | D        | Found a hide-covered altar of Uskayaw.
   590 | D        | Found a radiant altar of Vehumet.
   591 | D        | Found an ornate altar of the Wu Jian Council.
   592 | D        | Found a shimmering altar of Xom.
   593 | D        | Found a basalt altar of Yredelemnul.
   738 | D        | Became a worshipper of Dithmenos the Shadowed
   751 | D        | Found a glowing silver altar of Zin.
   752 | D        | Found a glowing golden altar of the Shining One.
   785 | D        | Noticed a yak
   785 | D        | Noticed a kobold brigand
   785 | D        | Noticed a gnoll sergeant
   787 | D        | Killed a yak
   788 | D        | Reached skill level 5 in Short Blades
   788 | D        | Reached skill level 14 in Stealth
   788 | D        | Reached XP level 5. HP: 28/28 MP: 5/8
   793 | D        | Reached * piety under Dithmenos
   794 | D        | Reached XP level 6. HP: 32/32 MP: 5/9
   804 | D        | Reached skill level 15 in Stealth
   804 | D        | Reached skill level 1 in Evocations
   809 | D        | Reached skill level 16 in Stealth
   827 | D        | Reached ** piety under Dithmenos
   828 | D        | Reached skill level 5 in Invocations
   895 | D        | Noticed a centaur warrior
   895 | D        | Noticed a manticore
   895 | D        | Noticed a troll
   895 | D        | Noticed a two-headed ogre
   895 | D        | Noticed a wraith
   904 | D        | Reached skill level 5 in Dodging
   904 | D        | Reached XP level 7. HP: 7/37 MP: 10/12
   906 | D        | Killed a centaur warrior
   907 | D        | Reached skill level 5 in Throwing
   907 | D        | Reached skill level 18 in Stealth
   907 | D        | Reached XP level 8. HP: 36/42 MP: 10/14
   921 | D        | Killed a manticore
   922 | D        | Reached skill level 5 in Fighting
   922 | D        | Reached skill level 19 in Stealth
   926 | D        | Killed a troll
   926 | D        | Reached *** piety under Dithmenos
   928 | D        | Killed a two-headed ogre
   929 | D        | Reached skill level 20 in Stealth
   929 | D        | Reached XP level 9. HP: 38/47 MP: 12/16
  1262 | D        | Noticed Grum
  1276 | D        | Killed Grum
  1284 | D        | Reached **** piety under Dithmenos
  1656 | D        | Noticed a komodo dragon
  1656 | D        | Noticed a seven-headed hydra
  1656 | D        | Noticed a cane toad
  1656 | D        | Noticed a cane toad
  1664 | D        | Reached skill level 21 in Stealth
  1664 | D        | Noticed a cane toad
  1698 | D        | Killed a komodo dragon
  1698 | D        | Reached ***** piety under Dithmenos
  1699 | D        | Reached skill level 10 in Dodging
  1699 | D        | Reached skill level 5 in Evocations
  1719 | D        | Killed a seven-headed hydra
  1720 | D        | Reached XP level 10. HP: 13/53 MP: 18/18
  1988 | D        | Killed a cane toad
  1989 | D        | Reached skill level 10 in Invocations
  2025 | D        | Banished a cane toad
  2093 | D        | Killed a cane toad
  2094 | D        | Reached skill level 10 in Short Blades
  2214 | D        | Noticed a black mamba
  2216 | D        | Noticed a death yak
  2218 | D        | Noticed a black mamba
  2228 | D        | Reached skill level 22 in Stealth
  2343 | D        | Banished a black mamba
  2350 | D        | Killed a black mamba
  2354 | D        | Killed a death yak
  2504 | D        | Reached ****** piety under Dithmenos
  2507 | D        | Reached XP level 11. HP: 58/58 MP: 20/20
  2545 | D        | Noticed Erica
  2551 | D        | Killed Erica
  2552 | D        | Reached skill level 23 in Stealth
  2555 | D        | Noticed Psyche
  2562 | D        | Killed Psyche
  2584 | D        | Noticed Maurice
  2591 | D        | Killed Maurice
  2667 | D        | Noticed an orc knight
  2699 | D        | Killed an orc knight
  2763 | D        | Reached skill level 24 in Stealth
  2864 | D        | Noticed an orc high priest
  2864 | D        | Noticed an orc high priest
  2864 | D        | Noticed an orc high priest
  2867 | D        | Noticed an orc high priest
  2870 | D        | Killed an orc high priest
  2871 | D        | Noticed an orc sorcerer
  2879 | D        | Banished an orc high priest
  2886 | D        | Killed an orc high priest
  2887 | D        | Reached skill level 25 in Stealth
  3027 | D        | Killed an orc high priest
  3144 | D        | Banished an orc sorcerer
  3187 | D        | Found Vyenauff's Assorted Antiques.
  3187 | D        | Noticed an orc knight
  3187 | D        | Noticed an orc knight
  3189 | D        | Killed an orc knight
  3190 | D        | Reached skill level 10 in Evocations
  3190 | D        | Found Kirumpokk's Magic Scroll Shoppe.
  3194 | D        | Reached skill level 26 in Stealth
  3194 | D        | Found Axokih's General Store.
  3196 | D        | Noticed an orc knight
  3197 | D        | Killed an orc knight
  3198 | D        | Found Qinunkui's Antique Armour Shoppe.
  3205 | D        | Reached XP level 12. HP: 64/64 MP: 23/23
  3454 | D        | Bought a potion of heal wounds for 65 gold pieces
  3456 | D        | Bought a scroll of blinking for 105 gold pieces
  3456 | D        | Bought a scroll of fear for 56 gold pieces
  3458 | D        | Bought a large lapis lazuli amulet for 135 gold pieces
  3458 | D        | Bought a bubbling amethyst potion for 24 gold pieces
  3458 | D        | Bought a potion of resistance for 270 gold pieces
  3458 | D        | Bought a potion of invisibility for 216 gold pieces
  3458 | D        | Bought a fuming orange potion for 24 gold pieces
  3458 | D        | Bought a potion of curing for 81 gold pieces
  3467 | D        | Bought a scroll of fear for 52 gold pieces
  3473 | D        | Bought a scroll of identify for 28 gold pieces
  3692 | D        | Noticed a five-headed hydra
  3692 | D        | Noticed a four-headed hydra
  3692 | D        | Noticed a fire dragon
  3693 | D        | Noticed a centaur warrior
  3694 | D        | Killed a five-headed hydra
  3695 | D        | Noticed an ogre mage
  3700 | D        | Reached skill level 27 in Stealth
  3714 | D        | Banished a four-headed hydra
  3980 | D        | Killed a fire dragon
  3983 | D        | Killed a centaur warrior
  3984 | D        | Reached skill level 10 in Throwing
  3984 | D        | Noticed a rakshasa
  3990 | D        | Killed an ogre mage
  3991 | D        | Reached skill level 15 in Dodging
  3991 | D        | Noticed a fire dragon
  3995 | D        | Noticed an ettin
  3999 | D        | Reached skill level 15 in Short Blades
  4343 | D        | Reached skill level 15 in Invocations
  4347 | D        | Killed a rakshasa
  4632 | D        | Killed a fire dragon
  4810 | D        | Killed an ettin
  4819 | D        | Noticed a deep troll earth mage
  4831 | D        | Killed a deep troll earth mage
  4897 | D        | Noticed Snorg
  4900 | D        | Killed Snorg
  4984 | D        | Noticed an anaconda
  4984 | D        | Noticed an anaconda
  4984 | D        | Noticed an anaconda
  4988 | D        | Killed an anaconda
  4989 | D        | Reached XP level 13. HP: 70/70 MP: 25/25
  5531 | D        | Reached skill level 10 in Fighting
  6134 | D        | Noticed an entropy weaver
  6141 | D        | Noticed an entropy weaver
  6202 | D        | Killed an entropy weaver
  6555 | D        | Killed an entropy weaver
  6656 | D        | Noticed a stone giant
  6656 | D        | Noticed a fire dragon
  6656 | D        | Noticed a fire dragon
  6656 | D        | Noticed a golden dragon
  6660 | D        | Killed a stone giant
  6661 | D        | Noticed a stone giant
  6662 | D        | Killed a fire dragon
  6664 | D        | Killed a fire dragon
  6665 | D        | Noticed a fire giant
  6668 | D        | Killed a golden dragon
  6669 | D        | Reached XP level 14. HP: 79/79 MP: 26/28
  6669 | D        | Noticed a frost giant
  6680 | D        | Banished a stone giant
  6688 | D        | Noticed a frost giant
  7034 | D        | Killed from afar by a fire giant

Illustrated notes

Levels and vault maps discovered:
D:        linesprint [early_d, line_temple, items_1, d_10, items_2, lair_1,
          lair_end, items_3, orc_1, orc_end, items_4, d_15, swamp_1, shoals_1,
          snake_1, spider_1, d_20, vaults_1, items_5, swamp_end, shoals_end,
          snake_end, spider_end, vaults_end, d_27, items_6, zot_1, zot_end,
          crypt_end, forest_end, elf_end, slime_end, tomb_end, abyss_end,
          pan_hell_end]

Skill      XL: |  1  2  3  4  5  6  7  8  9 10 11 12 13 14 |
---------------+-------------------------------------------+-----
Stealth        | 10 11 14 16 18 20 21 22 26 27 | 27.0
Fighting       | 2 3 4 5 6 7 8 9 11 | 11.7
Short Blades   | 3 4 5 6 7 8 9 11 13 16 18 19 | 19.0
Dodging        | 2 3 5 6 8 10 13 16 20 21 | 21.3
Throwing       | 3 4 5 6 7 8 9 10 11 | 11.2
Invocations    | 3 5 6 8 9 11 13 15 18 | 18.3
Evocations     | 1 2 3 6 9 10 11 12 | 12.3

Action                   |  1- 3 |  4- 6 |  7- 9 | 10-12 | 13-15 || total
-------------------------+-------+-------+-------+-------+-------++-------
Melee: Dagger            |    34 |    32 |    57 |       |       ||   123
       Rapier            |       |       |    41 |   309 |   205 ||   555
       Punch             |       |       |     1 |     1 |     4 ||     6
Throw: Dart              |     3 |     7 |     9 |    17 |     2 ||    38
Invok: Shadow Step       |       |       |       |     1 |       ||     1
Evoke: Wand              |       |     5 |    19 |     9 |     4 ||    37
  Use: Potion            |     4 |       |     4 |       |     1 ||     9
       Scroll            |       |       |       |     3 |     1 ||     4
 Stab: Sleeping          |       |     1 |       |    28 |    16 ||    45
       Invisible         |       |       |     5 |     3 |     3 ||    11
       Distracted        |       |       |       |     3 |     1 ||     4
Armor: Robe              |     4 |     3 |     1 |     6 |    11 ||    25
Dodge: Dodged            |    17 |    29 |   103 |   164 |   137 ||   450

Table legend: (Time is in decaauts)
 A = Elapsed time spent in this place.
 B = Non-inter-level travel time spent in this place.
 C = Inter-level travel time spent in this place.
 D = Time resting spent in this place.
 E = Time spent auto-exploring this place.
 F = Levels seen in this place.
 G = Mean time per level.
                   A        B        C        D        E       F      G
               +--------+--------+--------+--------+--------+-----+--------+
         Total |   6009 |   6009 |      0 |   3043 |   1596 |   1 | 6009.0 |
       Dungeon |   6009 |   6009 |      0 |   3043 |   1596 |   1 | 6009.0 |
               +--------+--------+--------+--------+--------+-----+--------+

Top non-repeatable levels by time:
       D: 6009 daAuts
